AoeStats
← Bugsibär

Arabia

508668134Analyzed
1v1 RM · 9d ago on Sep 23, 2026· 30m 28s· 2 players
Game mode
Random Map
Map size
Tiny (2 player)
Population
200
Speed
Normal
Resources
Standard
Victory
Conquest
Starting age
Dark Age
Ending age
Imperial Age
RankedLock teamsTeams togetherTeam positionsShared explorationLock speedFull tech treeHidden civsTurbo modeCheats
Victory
Defeat
🇩🇪 Varangians · Germany
1758
+17
🇮🇹 Saxons · Italy
1778
-17
Bugsibär
3:58 Loom
5:58 Loom
8:42 Feudal Age
13:04 Double-Bit Axe
13:23 Fletching
21:10 Castle Age
19:58 Forging
19:55 Scale Barding Armor
20:03 Horse Collar
24:42 Bloodlines
27:25 Bow Saw
28:15 Husbandry
twitch.tv/lenin92xxx
7:51 Loom
10:12 Feudal Age
14:51 Castle Age
22:09 Scale Mail Armor
Connection lost

Rejoining the realm…

Still unreachable

The connection could not be restored.

Session expired

The server has moved on; the page needs a fresh start.